 Dungeon Crawl Stone Soup version 0.23.2-40-g277498a001 (webtiles) character file.

Game seed: 18231174725930762804

18 Descartes the Skirmisher (level 2, 0/25 HPs)
             Began as a Formicid Abyssal Knight on Oct 11, 2019.
             Was a Follower of Lugonu.
             Slain by a goblin (2 damage)
             ... on level 1 of the Dungeon.
             The game lasted 00:01:15 (222 turns).

Descartes the Skirmisher (Formicid Abyssal Knight)   Turns: 222, Time: 00:01:16

Health: 0/25       AC:  3    Str: 16    XL:     2   Next: 85%
Magic:  3/3        EV: 11    Int: 11    God:    Lugonu [*.....]
Gold:   9          SH:  0    Dex: 10    Spells: 1/1 levels left

rFire    + . .     SeeInvis +   a - +1 hand axe
rCold    . . .     Gourm    .   (no shield)
rNeg     . . .     Faith    .   b - +0 leather armour
rPois    .         Spirit   .   (helmet unavailable)
rElec    .         Reflect  .   (no cloak)
rCorr    .         Harm     .   (no gloves)
MR       .....                  (no boots)
Stlth    +.........             (no amulet)
HPRegen  0.08/turn              h - ring of protection from fire
MPRegen  0.08/turn              (no ring)

@: no status effects
A: permanent stasis, dig shafts and tunnels, four strong arms, antennae 3
a: Dig, Shaft Self, Depart the Abyss, Renounce Religion


You were on level 1 of the Dungeon.
You worshipped Lugonu.
Lugonu was aware of your devotion.
You were not hungry.

You visited 1 branch of the dungeon, and saw 1 of its levels.
You visited the Abyss 1 time.

You collected 9 gold pieces.

Inventory:

Hand Weapons
 a - a +1 hand axe (weapon)
Missiles
 d - 21 stones (quivered)
Armour
 b - a +0 leather armour (worn)
 g - a +0 shield
Jewellery
 h - a ring of protection from fire (left hand)
Potions
 e - a potion of flight {unknown}
Comestibles
 c - a ration
 f - a chunk of flesh


   Skills:
 + Level 3.7 Fighting
 + Level 2.1 Axes
 + Level 2.5 Armour
 + Level 1.0 Dodging
 * Level 0.7 Shields
 + Level 2.3 Invocations


You had one spell level left.
You didn't know any spells.
Your spell library was empty.

Dungeon Overview and Level Annotations

Branches:
Dungeon (1/15)

Altars:


Innate Abilities, Weirdness & Mutations

You cannot be hasted, slowed, berserked, paralysed or teleported.
You can dig through walls and to a lower floor.
Your four strong arms can wield two-handed weapons with a shield.
You have a pair of large antennae on your head. (SInv)


Message History

The goblin barely misses you.
Found a robe.
You see here a hobgoblin corpse.
You hit the goblin.
You kill the goblin!
Lugonu accepts your kill. The bat barely misses you.
The bat closely misses you.
You closely miss the bat. The bat barely misses you.
The bat hits you but does no damage. The goblin hits you.
* * * LOW HITPOINT WARNING * * *
You hit the goblin.
The goblin is heavily wounded.
You hit the bat. The bat misses you. The goblin closely misses you.
You hit the goblin.
The goblin is severely wounded.
The bat hits you but does no damage. The goblin hits you.
* * * LOW HITPOINT WARNING * * *
The goblin hits you.
You die...

{ ##.##..# ..........#
#.....++
..........###.P....##
..........#P≈♣≈.##..##
..........#≈≈≈≈≈#....##
..........##P.≈.#.[...#
..........##..#.#...#
......g...#.........# .
......b@†)#.####....#
..
...###....†(...#.####
#. #.##.#.##.#.######.
[...................
###..#....####.#####.
...####.## #..####.
.... #.# #......) ...#
#.# #...###. ..
.#####.#.###.


You could see a goblin and a bat.

Vanquished Creatures
  An ooze (D:1)
  2 ball pythons (D:1)
  3 bats (D:1)
  A hobgoblin (D:1)
  3 goblins (D:1)
  A kobold (D:1)
  2 rats (D:1)
13 creatures vanquished.

Notes
Turn   | Place    | Note
-------+----------+-------------------------------------------
     0 | Abyss:1  | Descartes the Formicid Abyssal Knight began the quest for
                  | the Orb.
     0 | Abyss:1  | Reached XP level 1. HP: 18/18 MP: 2/2
     4 | Abyss:1  | Found a corrupted altar of Lugonu.
    69 | Abyss:1  | Noticed an iron imp
    73 | D:1      | Escaped the Abyss
   141 | D:1      | Reached XP level 2. HP: 22/25 MP: 3/3
   211 | D:1      | Reached skill level 1 in Dodging
   213 | D:1      | Reached * piety under Lugonu
   222 | D:1      | Slain by a goblin

Skill      XL: |  1  2 |
---------------+-------+-----
Dodging        | 1 |  1.0
Fighting       | |  3.7
Axes           | |  2.1
Armour         | |  2.5
Shields        | |  0.7
Invocations    | |  2.3

Action                   || total
-------------------------++-------
Melee: Hand axe          ||    28
Invok: Depart the Abyss  ||     1
Armor: Leather armour    ||    23
Dodge: Dodged            ||    26
